 Dungeon Crawl Stone Soup version 0.30.1-3-gfc49f6343a (webtiles) character file.

Game seed: 9102942902738357492

827 H0rd4k the Sneak (level 7, 0/43 HPs)
             Began as an Octopode Artificer on Aug 4, 2023.
             Slain by an ufetubus (2 damage)
             ... on level 5 of the Dungeon.
             The game lasted 00:04:20 (4260 turns).

H0rd4k the Sneak (Octopode Artificer)               Turns: 4260, Time: 00:04:21

Health: 0/43       AC:  1    Str: 11    XL:     7   Next: 97%
Magic:  7/7        EV: 13    Int: 19    God:
Gold:   190        SH:  0    Dex:  9    Spells: 6/6 levels left

rFire   . . .        s - +3 dagger of Geqe {venom, rC+ Will+ Int+3 Dex-3}
rCold   + . .        (no shield)
rNeg    . . .        (helmet restricted)
rPois   .            (no amulet)
rElec   .            (no ring)
rCorr   .            (no ring)
SInv    .            (no ring)
Will    +....        (no ring)
Stlth   ++++         (no ring)
HPRegen 0.27/turn    (no ring)
MPRegen 0.10/turn    (no ring)
                     (no ring)

%: no passive effects
@: no status effects
A: almost no armour, amphibious, 8 rings, camouflage 1, gelatinous body 1,
(nimble swimmer 1), tentacles
a: no special abilities


You were on level 5 of the Dungeon.
You visited 1 branch of the dungeon, and saw 5 of its levels.

You collected 190 gold pieces.

Inventory:

Hand Weapons
 r - the +2 dagger "Luymaech" {freeze, rPois Str+2}
   (You found it on level 4 of the Dungeon)

   Str:       It affects your strength (+2).
   rPois:     It protects you from poison.
 s - the +3 dagger of Geqe (weapon) {venom, rC+ Will+ Int+3 Dex-3}
   (You found it on level 4 of the Dungeon)

   Int:       It affects your intelligence (+3).
   Dex:       It affects your dexterity (-3).
   rC:        It protects you from cold.
   Will:      It increases your willpower.
Missiles
 o - 9 poisoned darts
Wands
 b - a wand of flame (6) (quivered)
 c - a wand of charming (9)
 d - a wand of iceblast (1)
 p - a wand of roots (2)
Scrolls
 g - 4 scrolls of identify {unknown}
 l - a scroll of amnesia {unknown}
 m - 3 scrolls of teleportation {unknown}
 q - a scroll of enchant weapon {unknown}
 t - a scroll of fear {unknown}
 v - 2 scrolls of immolation {unknown}
Potions
 a - 2 potions of curing {unknown}
 e - a potion of heal wounds
 f - 2 potions of lignification
 h - a potion of ambrosia {unknown}
 i - a potion of brilliance {unknown}
 j - 2 potions of resistance {unknown}
 k - 2 potions of degeneration {unknown}
 n - a potion of mutation {unknown}
 u - a potion of might {unknown}


   Skills:
 + Level 1.6 Fighting
 + Level 1.2 Short Blades
 + Level 4.1 Dodging
 + Level 6.6 Stealth
 + Level 4.8 Unarmed Combat
 + Level 4.8 Evocations


You had 6 spell levels left.
You didn't know any spells.
Your spell library contained the following spells:

 Spells                   Type           Power      Damage    Failure   Level
 Fireball                 Conj/Fire      0%         3d3       99%         5
 Iskenderun's Battlesphe  Conj           0%         2d6       99%         5
 Conjure Ball Lightning   Conj/Air       0%         3x3d6     100%        6
 Orb of Destruction       Conj           0%         9d5       100%        7


Dungeon Overview and Level Annotations

Branches:
Dungeon (5/15)
 Temple: D:4-7

Altars:
Fedhas
Vehumet

Shops:
D:3 [   D:4 (

Annotations:
D:3 exclusion: oklob plant


Innate Abilities, Weirdness & Mutations

You cannot wear most types of armour.
You are amphibious.
You can wear up to eight rings at the same time.
Your skin changes colour to match your surroundings (Stealth+).
Your rubbery body absorbs attacks. (AC +1, EV +1)
((You are camouflaged when in or above water. (Stealth+)))
You have tentacles for arms and can constrict up to eight enemies at once.


Message History

The orc is moderately wounded.
The orc closely misses you.
There are monsters nearby!
There are monsters nearby!
The ufetubus shouts!
You hit the orc but do no damage.
The orc looks as sick as possible!
You grab the orc.
The orc is moderately wounded.
You constrict the orc.
You kill the orc!
An ufetubus is nearby!
An ufetubus is nearby!
You miss the ufetubus. Your grab misses the ufetubus. The ufetubus hits you.
The ufetubus barely misses you. The ufetubus misses you.
The ufetubus barely misses you.
You completely miss the ufetubus. Your grab misses the ufetubus.
Your tentacle-slap misses the ufetubus.
The ufetubus hits you. The ufetubus misses you.
You are too injured to fight recklessly!
An ufetubus is nearby!
You are too injured to fight recklessly!
An ufetubus is nearby!
You are too injured to fight recklessly!
An ufetubus is nearby!
You hit the ufetubus but do no damage.
The ufetubus is poisoned.
Your grab misses the ufetubus. The ufetubus hits you. The ufetubus misses you.
You hit the ufetubus but do no damage. Your grab misses the ufetubus.
The ufetubus closely misses you. The ufetubus barely misses you.
The ufetubus hits you. x2
You barely miss the ufetubus. Your grab misses the ufetubus.
The ufetubus hits you.
* * * LOW HITPOINT WARNING * * *
The ufetubus hits you.
* * * LOW HITPOINT WARNING * * *
You miss the ufetubus. Your grab misses the ufetubus.
The ufetubus is moderately wounded.
The ufetubus hits you.
* * * LOW HITPOINT WARNING * * *
The ufetubus completely misses you. The ufetubus hits you.
You die...

.# .# .### ...
#############.#
#....>...).)..# .
#.########....##....
#.# ........@.......
#.# .....#.##5#.....
#.######.#.> .......
#.....o# ... .#.....
#.#####.########....#
#......<......... ..#
######...####..... .#
#...####...[..##
####..............#


You could see an ufetubus (very poisoned).

Vanquished Creatures
  Sigmund (D:2)
  An ice beast (D:4)
  An ogre (D:4)
  A scorpion (D:4)
  2 howler monkeys (D:4)
  4 orc wizards (D:5)
  2 iguanas
  Terence (D:3)
  4 adders
  An ufetubus (D:5)
  A worm (D:2)
  3 dart slugs
  10 orcs
  11 bats
  6 endoplasms
  5 giant cockroaches
  13 goblins
  15 hobgoblins
  4 jackals (D:3)
  4 quokkas
  9 ball pythons
  2 frilled lizards
  7 kobolds
  5 rats
113 creatures vanquished.

Vanquished Creatures (collateral kills)
  An orc priest (D:5)
1 creature vanquished.

Vanquished Creatures (others)
  A scorpion (D:5)
  An adder (D:2)
2 creatures vanquished.

Grand Total: 116 creatures vanquished

Notes
Turn   | Place    | Note
-------+----------+-------------------------------------------
     0 | D:1      | H0rd4k the Octopode Artificer began the quest for the Orb.
     0 | D:1      | Reached XP level 1. HP: 13/13 MP: 1/1
    93 | D:1      | Reached XP level 2. HP: 11/18 MP: 2/2
   577 | D:1      | Reached XP level 3. HP: 23/23 MP: 3/3
  1008 | D:2      | Reached skill level 1 in Unarmed Combat
  1114 | D:2      | Reached skill level 2 in Stealth
  1243 | D:2      | Reached XP level 4. HP: 28/28 MP: 4/4
  1296 | D:2      | Noticed Sigmund
  1324 | D:2      | Killed Sigmund
  1325 | D:2      | Reached skill level 4 in Stealth
  1325 | D:2      | Reached XP level 5. HP: 8/33 MP: 5/5
  1574 | D:2      | Reached XP level 6. HP: 28/38 MP: 6/6
  2183 | D:3      | Noticed Terence
  2192 | D:3      | Killed Terence
  2239 | D:3      | Found Hiwku's Antique Armour Shoppe.
  2411 | D:3      | Found a blossoming altar of Fedhas.
  2421 | D:3      | Noticed an oklob plant
  3116 | D:4      | Identified the +2 dagger "Luymaech" {freeze, rPois Str+2}
  3133 | D:4      | Identified the +3 dagger of Geqe {venom, rC+ Will+ Int+3
                  | Dex-3}
  3192 | D:4      | Found a radiant altar of Vehumet.
  3200 | D:4      | Noticed an ice beast
  3217 | D:4      | Killed an ice beast
  3218 | D:4      | Reached skill level 5 in Stealth
  3218 | D:4      | Reached XP level 7. HP: 37/43 MP: 7/7
  3383 | D:4      | Reached skill level 6 in Stealth
  3692 | D:4      | Found Qion Qepp's Antique Weapon Shop.
  3833 | D:5      | Entered Level 5 of the Dungeon
  4095 | D:5      | HP: 2/43 [poisoned by a scorpion]
  4108 | D:5      | HP: 2/43 [orc priest/nerve-wracking pain (10)]
  4110 | D:5      | Reached skill level 1 in Short Blades
  4260 | D:5      | HP: 2/43 [ufetubus (4)]
  4260 | D:5      | Slain by an ufetubus

Illustrated notes

Levels and vault maps discovered:
D:1:      lemuel_arrival_cross, layout_basic
D:2:      minmay_evil_eye, layout_loops_cross, st_stairs_3, minmay_pentomino_t4,
          uniq_sigmund
D:3:      layout_basic, tgw_fedhas, serial_rivers,
          chequers_serial_rivers_micro_d, chequers_serial_rivers_room_a,
          chequers_serial_rivers_micro_c, chequers_serial_rivers_micro_a,
          chequers_serial_rivers_marsh, serial_shops, shop, serial_bayou_ford_a,
          uniq_terence
D:4:      layout_basic, vehumet_crystals, serial_shops, shop
D:5:      layout_basic

Skill      XL: |  1  2  3  4  5  6  7 |
---------------+----------------------+-----
Dodging        | 3 4 |  4.1
Unarmed Combat | 1 2 4 |  4.8
Stealth        | 2 4 5 6 |  6.6
Evocations     | 4 |  4.8
Short Blades   | 1 |  1.2
Fighting       | |  1.6

Action                     |  1- 3 |  4- 6 |  7- 9 || total
---------------------------+-------+-------+-------++-------
  Melee: Unarmed           |   110 |   102 |       ||   212
         Tentacles         |    24 |    26 |     9 ||    59
         Constrict         |    29 |    27 |    10 ||    66
         Punch             |     2 |     2 |     1 ||     5
         Dagger            |       |    13 |    55 ||    68
  Evoke: Wand              |       |    13 |     6 ||    19
    Use: Potion            |       |     1 |     1 ||     2
   Stab: Sleeping          |    13 |     8 |     5 ||    26
 Armour: Skin              |    12 |    11 |     2 ||    25
  Dodge: Dodged            |    67 |    81 |    40 ||   188
